 Dungeon Crawl Stone Soup version 0.28.0-53-g5a82cb258f (webtiles) character file.

Game seed: 1783248301850554986

16329 cbfl8 the Severer (level 12, -1/110 HPs)
             Began as a Minotaur Berserker on Nov 22, 2022.
             Was an Elder of Trog.
             Slain by a red ugly thing (7 damage)
             ... on level 11 of the Dungeon.
             The game lasted 00:13:38 (11156 turns).

cbfl8 the Severer (Minotaur Berserker)             Turns: 11156, Time: 00:13:40

Health: -1/110     AC: 23    Str: 26    XL:     12   Next: 9%
Magic:  11/11      EV: 10    Int:  4    God:    Trog [****..]
Gold:   526        SH:  0    Dex: 13    Spells: 11/11 levels left

rFire   + . .      SeeInvis .   g - +5 hand axe
rCold   + + +      Faith    .   (no shield)
rNeg    . . .      Spirit   .   d - +4 plate armour
rPois   +          Reflect  .   (helmet restricted)
rElec   +          Harm     .   j - +0 cloak
rCorr   +          Rampage  .   A - +0 pair of gloves
Will    +....                   x - +0 pair of boots
Stlth   ..........              E - amulet of the acrobat
HPRegen 0.28/turn               C - ring of Jeib {Wiz Drain rC++ Will+ Str+2}
MPRegen 0.12/turn               v - ring of poison resistance

@: mighty, resistant, on berserk cooldown, slowed, very slow
A: horns 2, retaliatory headbutt
a: Renounce Religion, Berserk, Trog's Hand, Brothers in Arms


You were on level 11 of the Dungeon.
You worshipped Trog.
Trog was greatly pleased with you.
You visited 1 branch of the dungeon, and saw 11 of its levels.

You collected 526 gold pieces.

Inventory:

Hand Weapons
 g - a +5 hand axe (weapon)
Missiles
 z - 3 throwing nets (quivered)
Armour
 d - a +4 plate armour (worn)
 j - a +0 cloak (worn)
 x - a +0 pair of boots (worn)
 A - a +0 pair of gloves (worn)
Jewellery
 u - a ring of fire
 v - a ring of poison resistance (right hand)
 C - the ring of Jeib (left hand) {Wiz Drain rC++ Will+ Str+2}
   (You found it on level 9 of the Dungeon)

   [ring of wizardry]

   It improves your spell success rate.
   Str:       It affects your strength (+2).
   rC:        It greatly protects you from cold.
   Drain:     It drains your maximum health when unequipped.
   Will:      It increases your willpower.
 E - an amulet of the acrobat (around neck)
Wands
 a - a wand of charming (5)
 l - a wand of iceblast (9)
 n - a wand of polymorph (7)
 o - a wand of flame (71)
 r - a wand of acid (9)
 y - a wand of mindburst (16)
 G - a wand of digging (2)
Scrolls
 m - 2 scrolls of noise
 p - 2 scrolls of enchant weapon
 q - 3 scrolls of fear
 w - 5 scrolls of teleportation
 B - a scroll of magic mapping
 D - a scroll of enchant armour {unknown}
 F - a scroll of immolation {unknown}
Potions
 b - 4 potions of curing {unknown}
 c - 2 potions of might
 e - a potion of degeneration {unknown}
 f - 3 potions of resistance
 h - 3 potions of heal wounds {unknown}
 i - 2 potions of mutation {unknown}
 s - a potion of magic {unknown}
 t - 2 potions of attraction {unknown}


   Skills:
 * Level 11.5 Fighting
 * Level 15.0 Axes
 * Level 11.0 Armour
 * Level 7.0 Dodging
 * Level 5.8 Evocations


You had 11 spell levels left.
You didn't know any spells.
Your spell library was empty.

Dungeon Overview and Level Annotations

Branches:
Dungeon (11/15)            Temple (0/1) D:6            Lair (0/6) D:8
    Orc (0/2) D:9

Altars:
Ashenzari
Cheibriados
Fedhas
Okawaru
Qazlal
Sif Muna
Vehumet
Beogh

Shops:
D:5 *


Innate Abilities, Weirdness & Mutations

You have a pair of horns on your head.
You reflexively headbutt those who attack you in melee.


Message History

You closely miss the red ugly thing.
You headbutt the red ugly thing, but do no damage.
The red ugly thing is severely wounded.
The red ugly thing engulfs you but does no damage.
You hit the red ugly thing.
The red ugly thing is severely wounded.
You hit the red ugly thing.
Your headbutt misses the red ugly thing.
The red ugly thing is severely wounded.
The red ugly thing engulfs you but does no damage.
You closely miss the red ugly thing.
Your headbutt misses the red ugly thing.
The red ugly thing is severely wounded.
The red ugly thing engulfs you but does no damage.
You barely miss the red ugly thing.
The red ugly thing is severely wounded.
The red ugly thing engulfs you but does no damage.
You barely miss the red ugly thing.
You headbutt the red ugly thing, but do no damage.
The red ugly thing is severely wounded.
The red ugly thing engulfs you!
* * * LOW HITPOINT WARNING * * *
You are engulfed in flames!
* * * LOW HITPOINT WARNING * * *
You slash the red ugly thing!
The red ugly thing is almost dead.
The red ugly thing engulfs you but does no damage.
You closely miss the red ugly thing.
The red ugly thing is severely wounded.
The red ugly thing engulfs you but does no damage.
You feel protected. The red ugly thing closely misses you.
It was a potion of might.
You feel very mighty all of a sudden. The red ugly thing engulfs you.
* * * LOW HITPOINT WARNING * * *
You are engulfed in flames!
You resist.
* * * LOW HITPOINT WARNING * * *
The red ugly thing engulfs you!
You die...

........ #.##.#. ......#
#...... .....# ######.....#
....# ####..........# #...#
#.......#.....# #..O#
#.##.##.##...## #...#
#.##.##.##.....
#######...######.##.##.##.....
.............@)..##.##.##.....
............u.........†...)...
.....................†.##.....
.######$..#####.###.#.###..>..
#...# #.###.#.# #..... #...#
#.##..#.# ###... #...#
#.##.##.# #.## #...# #.##.##.#
#.## #...# #......<#####.#.


You could see a red ugly thing.

Vanquished Creatures
  A centaur warrior (D:9)
  Harold (D:8)
  2 two-headed ogres
  3 death yaks (D:7)
  Pikel (D:5)
  An unseen horror (D:10)
  4 trolls
  Sigmund (D:5)
  A shadow (D:11)
  3 wyverns
  33 yaks
  Grum (D:9)
  4 water moccasins
  4 orc warriors (D:9)
  A sky beast (D:5)
  2 ice beasts
  2 black bears (D:6)
  3 necrophages (D:6)
  4 ogres
  4 wolves (D:9)
  6 centaurs
  2 phantoms
  2 lemures (D:5)
  4 kobold brigands
  3 bullfrogs
  2 water moccasin zombies
  A water moccasin skeleton (D:6)
  7 killer bees
  4 wights (D:6)
  5 howler monkeys
  A jelly (D:6)
  2 orc priests (D:9)
  2 centaur zombies
  A gnoll shaman (D:4)
  A bullfrog skeleton (D:6)
  4 hounds
  2 centaur skeletons
  7 iguanas
  4 orc wizards
  A killer bee zombie (D:5)
  2 howler monkey zombies
  4 gnolls (D:4)
  8 adders
  3 shadow imps
  An adder skeleton (D:5)
  2 worms
  3 dart slugs
  22 orcs
  10 endoplasms
  4 giant cockroaches
  5 goblins
  5 hobgoblins
  5 quokkas
  6 ball pythons
  10 bats
  3 frilled lizards
  25 kobolds
  4 rats
259 creatures vanquished.

Notes
Turn   | Place    | Note
-------+----------+-------------------------------------------
     0 | D:1      | cbfl8 the Minotaur Berserker began the quest for the Orb.
     0 | D:1      | Reached XP level 1. HP: 19/19 MP: 0/0
   604 | D:1      | Reached XP level 2. HP: 27/27 MP: 1/1
   632 | D:1      | Reached skill level 4 in Axes
  1011 | D:1      | Reached XP level 3. HP: 33/33 MP: 2/2
  1238 | D:2      | Reached ** piety under Trog
  1374 | D:2      | Found a shimmering blue altar of Sif Muna.
  1396 | D:2      | Reached XP level 4. HP: 41/41 MP: 3/3
  1495 | D:3      | Reached skill level 5 in Axes
  2117 | D:3      | Reached XP level 5. HP: 18/47 MP: 1/4
  2624 | D:4      | Noticed a phantom
  2631 | D:4      | Killed a phantom
  2632 | D:4      | Reached skill level 6 in Axes
  2632 | D:4      | Reached skill level 1 in Evocations
  2767 | D:4      | Reached XP level 6. HP: 55/55 MP: 5/5
  2770 | D:4      | Reached skill level 5 in Fighting
  3018 | D:4      | Found a stormy altar of Qazlal.
  3462 | D:5      | Entered Level 5 of the Dungeon
  3524 | D:5      | Reached skill level 7 in Axes
  3703 | D:5      | Reached *** piety under Trog
  3704 | D:5      | Reached XP level 7. HP: 47/61 MP: 6/6
  3858 | D:5      | Noticed Pikel
  3904 | D:5      | Noticed Sigmund
  4506 | D:6      | Reached skill level 5 in Armour
  4514 | D:6      | Reached skill level 8 in Axes
  4514 | D:6      | Reached XP level 8. HP: 70/70 MP: 4/7
  4623 | D:5      | Killed Pikel
  4699 | D:5      | Reached skill level 9 in Axes
  4869 | D:5      | Found Doraecol's Serpentskin Sales.
  4914 | D:5      | Killed Sigmund
  4915 | D:5      | Reached XP level 9. HP: 71/79 MP: 6/8
  5308 | D:6      | Found an iron altar of Okawaru.
  5462 | D:6      | Reached skill level 10 in Axes
  5666 | D:6      | Found a staircase to the Ecumenical Temple.
  5883 | D:7      | Reached skill level 5 in Dodging
  6007 | D:7      | Reached skill level 11 in Axes
  6172 | D:7      | Found a radiant altar of Vehumet.
  6555 | D:8      | Found a broken altar of Ashenzari.
  6623 | D:8      | Noticed a two-headed ogre
  6624 | D:8      | Noticed Harold
  6635 | D:8      | Killed a two-headed ogre
  6636 | D:8      | Reached XP level 10. HP: 90/90 MP: 9/9
  6641 | D:8      | Killed Harold
  6641 | D:8      | Reached **** piety under Trog
  6642 | D:8      | Reached skill level 12 in Axes
  6662 | D:8      | Found a staircase to the Lair.
  6662 | D:8      | Noticed a death yak
  6662 | D:8      | Noticed a death yak
  6662 | D:8      | Noticed a death yak
  6684 | D:8      | Found a blossoming altar of Fedhas.
  6912 | D:7      | Killed a death yak
  7141 | D:8      | Reached skill level 13 in Axes
  7203 | D:7      | Killed a death yak
  7204 | D:7      | Reached XP level 11. HP: 43/99 MP: 3/10
  7207 | D:7      | Killed a death yak
  7867 | D:8      | Found a snail-covered altar of Cheibriados.
  8119 | D:9      | Reached skill level 5 in Evocations
  8372 | D:9      | Reached skill level 10 in Fighting
  8428 | D:9      | Reached skill level 14 in Axes
  8462 | D:9      | Noticed a centaur warrior
  8476 | D:9      | Killed a centaur warrior
  8533 | D:9      | Found a staircase to the Orcish Mines.
  8592 | D:9      | Noticed Grum
  8606 | D:9      | Killed Grum
  8989 | D:9      | Identified the ring of Jeib {Wiz Drain rC++ Will+ Str+2}
  9026 | D:9      | Reached skill level 10 in Armour
  9500 | D:10     | Entered Level 10 of the Dungeon
 10969 | D:11     | Reached XP level 12. HP: 106/110 MP: 11/11
 11106 | D:11     | Noticed a two-headed ogre
 11123 | D:11     | Killed a two-headed ogre
 11124 | D:11     | Reached skill level 15 in Axes
 11156 | D:11     | Slain by a red ugly thing

Illustrated notes

Levels and vault maps discovered:
D:1:      onia_arrival_handbag, layout_basic, minmay_tripent
D:2:      layout_rooms, basic_altar
D:3:      layout_loops_ring, st_stairs_5
D:4:      layout_loops_ring, grunt_qazlal_sundering, roderic_malta_cross
D:5:      layout_rooms, grunt_ministairs_8, guppyfry_shop_venom, uniq_sigmund,
          uniq_pikel
D:6:      minmay_diamond_boxcup, layout_basic, kennysheep_okawaru_gauntlet,
          temple_fountains
D:7:      layout_cave_pools, mainiacjoe_overflow_cross_hatched
D:8:      layout_gridville, lemuel_crystal_altar, lemuel_tele_altar,
          old_standard_altar, dpeg_lair_monsters, uniq_harold
D:9:      layout_rooms, minmay_orc_entry_temple_small, hex_tiny,
          grunt_ministairs_11, uniq_grum
D:10:     layout_long_grid, serial_rivers, chequers_serial_rivers_room_a,
          chequers_serial_rivers_micro_e, chequers_serial_rivers_small_3,
          chequers_serial_rivers_micro_e, chequers_serial_rivers_room_a,
          chequers_serial_rivers_marsh
D:11:     layout_loops_cross

Skill      XL: |  1  2  3  4  5  6  7  8  9 10 11 12 |
---------------+-------------------------------------+-----
Fighting       | 4 5 6 7 8 9 11 | 11.5
Axes           | 4 5 6 7 8 9 11 13 14 15 | 15.0
Armour         | 3 4 5 7 8 9 10 11 | 11.0
Evocations     | 1 2 3 4 5 |  5.8
Dodging        | 3 4 5 6 7 |  7.0

Action                   |  1- 3 |  4- 6 |  7- 9 | 10-12 || total
-------------------------+-------+-------+-------+-------++-------
Melee: Hand axe          |    85 |   115 |   247 |   359 ||   806
       Headbutt          |    11 |    16 |    46 |    76 ||   149
       Punch             |     1 |       |     1 |     5 ||     7
Invok: Berserk           |       |     3 |     4 |     8 ||    15
  Use: Scroll            |       |       |     7 |     6 ||    13
       Potion            |       |       |       |     2 ||     2
 Stab: Sleeping          |     1 |       |       |       ||     1
Armor: Animal skin       |     4 |       |       |       ||     4
       Plate armour      |    36 |    64 |   182 |   207 ||   489
Dodge: Dodged            |    24 |    38 |    89 |   129 ||   280
